 Dungeon Crawl Stone Soup version 0.25-a0-875-geaba134f46 (webtiles) character file.

Game seed: 2917988363709678859, levelgen mode: deterministic

39 Flugkiller the Skirmisher (level 3, 3/29 HPs)
             Began as a Demonspawn Warper on May 1, 2020.
             Quit the game on level 1 of the Dungeon.
             The game lasted 00:02:32 (1378 turns).

Flugkiller the Skirmisher (Demonspawn Warper)       Turns: 1378, Time: 00:02:33

Health: 3/29       AC: 10    Str: 10 (12) XL:     3   Next: 28%
Magic:  6/6        EV:  1    Int: 13 (14) God:
Gold:   98         SH:  0    Dex: 10 (12) Spells: 6/6 levels left

rFire    . . .     SeeInvis .   a - +0 spear
rCold    + . .     Gourm    .   (no shield)
rNeg     . . .     Faith    .   p - +0 plate armour
rPois    .         Spirit   .   (no helmet)
rElec    .         Reflect  .   (no cloak)
rCorr    .         Harm     .   (no gloves)
MR       .....                  (no boots)
Stlth    ..........             (no amulet)
HPRegen  0.09/turn              m - ring of protection from cold
MPRegen  0.10/turn              q - ring of attention (curse)

@: lethally poisoned (3 -> -9)
A: hooves 1
a: no special abilities


You were on level 1 of the Dungeon.
You were hungry.

You visited 1 branch of the dungeon, and saw 2 of its levels.

You collected 98 gold pieces.

Inventory:

Hand Weapons
 a - a +0 spear (weapon)
Armour
 b - a +0 leather armour
 p - a +0 plate armour (worn)
   (You found it on level 1 of the Dungeon)
Jewellery
 m - a ring of protection from cold (left hand)
   (You found it on level 1 of the Dungeon)
 q - a cursed ring of attention (right hand)
   (You found it on level 1 of the Dungeon)
Scrolls
 c - a scroll of remove curse {unknown}
 d - a scroll of blinking
 k - a scroll of identify {unknown}
 l - a scroll of teleportation
 n - a scroll of enchant armour {unknown}
Comestibles
 f - 2 rations
 g - 2 chunks of flesh


   Skills:
 + Level 3.5 Fighting
 - Level 2.0 Polearms
 - Level 0.8 Throwing
 + Level 1.0 Armour
 - Level 1.7 Dodging
 - Level 2.0 Spellcasting
   Level 2.6 Translocations


You had 6 spell levels left.
You didn't know any spells.
Your spell library contained the following spells:

 Spells                   Type           Power        Failure   Level  Hunger
 Blink                    Tloc           N/A          100%        2    ###....
 Shroud of Golubria       Chrm/Tloc      #.....       100%        2    ###....
 Gell's Gravitas          Tloc           #.........   100%        3    ####...
 Lesser Beckoning         Tloc           #.........   100%        3    ####...
 Teleport Other           Tloc           #.......     100%        3    ####...
 Passage of Golubria      Tloc           N/A          100%        4    #####..


Dungeon Overview and Level Annotations

Branches:
Dungeon (2/15)

Altars:


Innate Abilities, Weirdness & Mutations

You have large cloven feet.


Message History

The adder bites you but does no damage. x2
Unknown command.
Your plate armour prevents you from hitting the adder.
The adder bites you.
* * * LOW HITPOINT WARNING * * *
You are poisoned.
The adder poisons you!
Throwing (i - inventory)
e - 5 boomerangs of dispersal (quivered)
Press: ? - help, Shift-Dir - straight line, f - adder
Aim: an adder You throw a boomerang of dispersal.
The boomerang of dispersal closely misses the adder.
You feel sick.
The adder bites you but does no damage. x2
Unknown command.
Throwing (i - inventory)
e - 4 boomerangs of dispersal (quivered)
Press: ? - help, Shift-Dir - straight line, f/p - adder
Aim: an adder You throw a boomerang of dispersal.
The boomerang of dispersal misses the adder.
The adder bites you but does no damage.
Unknown command.
Throwing (i - inventory)
e - 3 boomerangs of dispersal (quivered)
Press: ? - help, Shift-Dir - straight line, f/p - adder
Aim: an adder You throw a boomerang of dispersal.
The boomerang of dispersal barely misses the adder.
You feel sick. The adder bites you.
* * * LOW HITPOINT WARNING * * *
You are lethally poisoned!
The adder poisons you! The adder bites you but does no damage.
Throwing (i - inventory)
e - 2 boomerangs of dispersal (quivered)
Press: ? - help, Shift-Dir - straight line, f/p - adder
Aim: an adder You throw a boomerang of dispersal.
The boomerang of dispersal barely misses the adder.
* * * LOW HITPOINT WARNING * * *
You feel sick. The adder bites you.
* * * LOW HITPOINT WARNING * * *
You are more poisoned.
The adder poisons you!
Throwing (i - inventory)
e - a boomerang of dispersal (quivered)
Press: ? - help, Shift-Dir - straight line, f/p - adder
Aim: an adder You throw a boomerang of dispersal.
The boomerang of dispersal hits the adder but does no damage.
* * * LOW HITPOINT WARNING * * *
You feel sick.
The adder bites you but does no damage. x2
You aren't carrying any potions.
Okay, then.
Are you sure you want to abandon this character and quit the game? (Confirm with "yes".)

#..[........
#...........
#######...........
#.....#...........
#.....##########..
#.....##########..
#.....##......##..
#.....##......##..
#@S...''......'...
#.....##......##..
#####.(...##......####
#...#(################
#...#.############...#
#...#...(.............
#..##........#.......#
#..[####.....#.###...#
#...# ##.....#.# #...#


You could see an adder.

Vanquished Creatures
  An ooze (D:1)
  A worm (D:2)
  2 dart slugs (D:1)
  2 ball pythons (D:1)
  2 giant cockroaches
  A goblin (D:1)
  3 hobgoblins
  A quokka (D:2)
  3 bats (D:1)
  3 frilled lizards (D:1)
  5 kobolds (D:1)
  4 rats
28 creatures vanquished.

Notes
Turn   | Place    | Note
-------+----------+-------------------------------------------
     0 | D:1      | Flugkiller the Demonspawn Warper began the quest for the
                  | Orb.
     0 | D:1      | Reached XP level 1. HP: 16/16 MP: 3/3
   245 | D:1      | Gained mutation: You have large cloven feet. [demonic
                  | ancestry]
   245 | D:1      | Reached XP level 2. HP: 16/23 MP: 5/5
   465 | D:1      | Reached skill level 3 in Fighting
   704 | D:1      | Reached XP level 3. HP: 21/29 MP: 6/6
   987 | D:2      | Reached skill level 1 in Armour
  1378 | D:1      | Quit the game

Levels and vault maps discovered:
D:1:      evilmike_arrival_hilbert_curve, layout_basic
D:2:      layout_loops_cross

Skill      XL: |  1  2  3 |
---------------+----------+-----
Fighting       | 3 |  3.5
Polearms       | 2 |  2.0
Armour         | 1 |  1.0
Throwing       | |  0.8
Dodging        | |  1.7
Spellcasting   | |  2.0
Translocations | |  2.6

Action                   || total
-------------------------++-------
Melee: Spear             ||   106
       Kick              ||    16
Throw: Boomerang         ||     5
  Use: Potion            ||     6
       Scroll            ||     1
  Eat: Chunk             ||     1
Armor: Leather armour    ||     8
       Plate armour      ||    45
Dodge: Dodged            ||    20

Table legend:
 A = Non-vault XP
 B = Vault XP
 C = Vault XP percentage of total XP
 D = Non-vault monster count
 E = Vault monster count
 F = Vault count percentage of total count
                 A         B        C        D         E       F
            +---------+---------+-------+---------+---------+-------
      Total |      57 |       0 |   0.0 |      28 |       0 |   0.0
            +---------+---------+-------+---------+---------+-------
        D:1 |      45 |       0 |   0.0 |      23 |       0 |   0.0
        D:2 |      12 |       0 |   0.0 |       5 |       0 |   0.0
            +---------+---------+-------+---------+---------+-------
